 Dungeon Crawl Stone Soup version 0.25-a0-578-gc91f01c (webtiles) character file.

Game seed: 7177503742504006659, levelgen mode: deterministic

7 15 the Firebug (level 1, 10/10 HPs)
             Began as a Deep Elf Fire Elementalist on Mar 3, 2020.
             Quit the game on level 1 of the Dungeon.
             The game lasted 00:01:00 (233 turns).

15 the Firebug (Deep Elf Fire Elementalist)          Turns: 233, Time: 00:01:00

Health: 10/10      AC:  2    Str:  5    XL:     1   Next: 83%
Magic:  4/6        EV: 13    Int: 19    God:
Gold:   17         SH:  0    Dex: 15    Spells: 5/6 levels left

rFire    . . .     SeeInvis .   (no weapon)
rCold    . . .     Gourm    .   (no shield)
rNeg     . . .     Faith    .   a - +0 robe
rPois    .         Spirit   .   (no helmet)
rElec    .         Reflect  .   (no cloak)
rCorr    .         Harm     .   (no gloves)
MR       .....                  (no boots)
Stlth    ++........             (no amulet)
HPRegen  0.03/turn              (no ring)
MPRegen  0.10/turn              (no ring)

@: no status effects
A: no striking features
a: no special abilities


You were on level 1 of the Dungeon.
You were not hungry.

You visited 1 branch of the dungeon, and saw 1 of its levels.

You collected 17 gold pieces.

Inventory:

Armour
 a - a +0 robe (worn)
Comestibles
 b - 2 chunks of flesh
 c - a ration


   Skills:
 * Level 0.1 Armour
 * Level 2.6 Dodging
 + Level 2.4 Stealth
 * Level 3.2 Spellcasting
 * Level 1.3 Conjurations
 + Level 3.3 Fire Magic


You had 5 spell levels left.
You knew the following spells:

 Your Spells              Type           Power        Failure   Level  Hunger
a - Foxfire               Conj/Fire      ##..         6%          1    None

Your spell library contained the following spells:

 Spells                   Type           Power        Failure   Level  Hunger
 Conjure Flame            Conj/Fire      ##......     17%         3    ###....
 Inner Flame              Hex/Fire       #.......     22%         3    ###....
 Sticky Flame             Conj/Fire      ##......     50%         4    ####...
 Fireball                 Conj/Fire      ##........   85%         5    ######.


Dungeon Overview and Level Annotations

Branches:
Dungeon (1/15)

Altars:


Message History

The hobgoblin splashes around in the water.
Your foxfire hits the plant but does no damage. x5
The hobgoblin hits the plant but does no damage.
Your foxfire hits the plant but does no damage. x5
The hobgoblin hits the plant but does no damage.
The hobgoblin hits the plant but does no damage.
The hobgoblin hits the plant.
The hobgoblin hits the plant.
No reachable target in view!
The hobgoblin splashes around in the water.
No reachable target in view!
No reachable target in view!
No reachable target in view!
You hit the plant but do no damage.
The plant is lightly damaged.
The hobgoblin hits the plant but does no damage.
You hit the plant but do no damage.
The plant is lightly damaged.
The hobgoblin hits the plant.
Are you sure you want to abandon this character and quit the game? (Confirm with "yes".)

#≈≈PPP..≈....####
#≈≈≈♣P≈PPP≈P....##
#.≈≈≈≈≈♣≈≈≈≈PPP..##
#.P.P.P≈♣≈≈≈PP.P..#
#.....≈PP≈♣≈♣≈PP≈.#
##.....PPP♣♣≈≈≈P..#
######....#.PPP♣♣♣≈≈P.###
..............P♣≈≈≈≈PP...>
#######..@.≈≈PP♣≈≈≈P.≈###.
##########
##P≈PP≈≈♣≈≈PP≈......
.........(
#≈PP≈≈≈♣P.PP#.#####.
#÷#######.
#≈P≈≈♣≈PPP(#.#.#...#. ..#
#≈≈PPPPPP### #.#...#. ###
#.≈PPg≈### #.#.###. #
#PP..### #.#..... ###
###.## #.#####. ..######
.. #.# #.######


You could see a hobgoblin.

Vanquished Creatures
  A dart slug (D:1)
  A bat (D:1)
  2 frilled lizards (D:1)
  A kobold (D:1)
  A rat (D:1)
6 creatures vanquished.

Vanquished Creatures (others)
  18 foxfires (D:1)
18 creatures vanquished.

Grand Total: 24 creatures vanquished

Notes
Turn   | Place    | Note
-------+----------+-------------------------------------------
     0 | D:1      | 15 the Deep Elf Fire Elementalist began the quest for the
                  | Orb.
     0 | D:1      | Reached XP level 1. HP: 10/10 MP: 6/6
   233 | D:1      | Quit the game

Levels and vault maps discovered:
D:1:      erik_arrival_triangle_small, layout_basic, hangedman_decor_growths,
          serial_bayou_lagoon_a

Action                   || total
-------------------------++-------
Melee: Unarmed           ||     2
 Cast: Foxfire           ||    17

Table legend:
 A = Non-vault XP
 B = Vault XP
 C = Vault XP percentage of total XP
 D = Non-vault monster count
 E = Vault monster count
 F = Vault count percentage of total count
                 A         B        C        D         E       F
            +---------+---------+-------+---------+---------+-------
      Total |      10 |       0 |   0.0 |       6 |       0 |   0.0
            +---------+---------+-------+---------+---------+-------
        D:1 |      10 |       0 |   0.0 |       6 |       0 |   0.0
            +---------+---------+-------+---------+---------+-------
